 Dungeon Crawl Stone Soup version 0.27.0-1-g7a089689b8 (webtiles) character file.

Game seed: 8230757789009301801

16 trckry the Grasshopper (level 2, -1/29 HPs)
             Began as an Ogre Warper on Aug 14, 2021.
             Slain by a hobgoblin (3 damage)
             ... on level 1 of the Dungeon.
             The game lasted 00:01:05 (586 turns).

trckry the Grasshopper (Ogre Warper)                 Turns: 586, Time: 00:01:05

Health: -1/29      AC:  6    Str: 14    XL:     2   Next: 58%
Magic:  5/5        EV:  9    Int: 14    God:
Gold:   11         SH:  0    Dex:  8    Spells: 5/5 levels left

rFire    . . .     SeeInvis .   a - +0 mace
rCold    . . .     Faith    .   (no shield)
rNeg     . . .     Spirit   .   b - +0 robe
rPois    .         Reflect  .   (helmet restricted)
rElec    .         Harm     .   g - +2 cloak
rCorr    .         Rampage  .   (gloves unavailable)
Will     .....                  (boots unavailable)
Stlth    +.........             (no amulet)
HPRegen  0.09/turn              (no ring)
MPRegen  0.09/turn              (no ring)

@: no status effects
A: large, unfitting armour, tough skin 1
a: no special abilities


You were on level 1 of the Dungeon.
You visited 1 branch of the dungeon, and saw 1 of its levels.

You collected 11 gold pieces.

Inventory:

Hand Weapons
 a - a +0 mace (weapon)
Missiles
 d - 5 boomerangs of dispersal (quivered)
Armour
 b - a +0 robe (worn)
 g - a +2 cloak (worn)
Scrolls
 c - a scroll of blinking
Potions
 e - 2 potions of attraction {unknown}
 f - 2 potions of might {unknown}


   Skills:
 - Level 2.6 Fighting
 * Level 2.3 Maces & Flails
 - Level 1.0 Throwing
 - Level 2.1 Dodging
 - Level 2.4 Spellcasting
 * Level 3.1 Translocations


You had 5 spell levels left.
You didn't know any spells.
Your spell library contained the following spells:

 Spells                   Type           Power      Damage    Failure   Level
 Blink                    Tloc           N/A        N/A       10%         2
 Gell's Gravitas          Tloc           5%         N/A       19%         3
 Lesser Beckoning         Tloc           5%         N/A       19%         3
 Teleport Other           Tloc           10%        N/A       19%         3
 Manifold Assault         Tloc           10%        N/A       86%         5


Dungeon Overview and Level Annotations

Branches:
Dungeon (1/15)

Altars:


Innate Abilities, Weirdness & Mutations

You are too large for most types of armour.
You have tough skin. (AC +1)


Message History

The hobgoblin hits you but does no damage.
You hit the ball python.
The ball python is moderately wounded.
The ball python barely misses you.
The ball python bites you but does no damage.
The hobgoblin hits you but does no damage.
You barely miss the ball python.
The ball python is moderately wounded.
The ball python completely misses you.
The hobgoblin hits you but does no damage.
The ball python bites you but does no damage.
You barely miss the ball python. The hobgoblin barely misses you.
The ball python bites you.
The hobgoblin hits you but does no damage.
You take 3 damage, and have 14/29 hp.
You closely miss the ball python. The ball python bites you.
The hobgoblin hits you.
* * * LOW HITPOINT WARNING * * *
The ball python closely misses you.
You take 6 damage, and have 8/29 hp.
MASSIVE DAMAGE!!
You barely miss the ball python. The ball python barely misses you.
The hobgoblin closely misses you.
You barely miss the ball python.
The ball python bites you but does no damage.
The hobgoblin barely misses you.
The ball python bites you but does no damage.
The ball python bites you.
* * * LOW HITPOINT WARNING * * *
You take 3 damage, and have 5/29 hp.
You hit the ball python.
You kill the ball python!
The hobgoblin hits you but does no damage. x2
You hit the hobgoblin but do no damage. The hobgoblin hits you.
* * * LOW HITPOINT WARNING * * *
The hobgoblin hits you but does no damage.
The hobgoblin barely misses you.
You take 4 damage, and have 2/29 hp.
You closely miss the hobgoblin. The hobgoblin closely misses you.
The hobgoblin hits you.
You die...

##### #...##### #. .
#...#...#####. #. .
#...#......##. #...
#####...#......##.
#..#.#@gg#...#......##.
#....#g#S#...#......##.
.#..#.#S#.....#......##.
......gg................
........................
.#..#.#.##########...###
#. #.#...(.... #...#.†
.. #.#........ ####....
. # #........ #.......


You could see 4 hobgoblins, a goblin and 2 ball pythons.

Vanquished Creatures
  A bat (D:1)
  An endoplasm (D:1)
  A hobgoblin (D:1)
  2 jackals (D:1)
  5 ball pythons (D:1)
  A frilled lizard (D:1)
  3 kobolds (D:1)
  A rat (D:1)
15 creatures vanquished.

Notes
Turn   | Place    | Note
-------+----------+-------------------------------------------
     0 | D:1      | trckry the Ogre Warper began the quest for the Orb.
     0 | D:1      | Reached XP level 1. HP: 22/22 MP: 3/3
   101 | D:1      | Reached XP level 2. HP: 16/29 MP: 5/5
   102 | D:1      | Reached skill level 3 in Translocations
   585 | D:1      | HP: 2/29 [hobgoblin (4)]
   586 | D:1      | Slain by a hobgoblin

Illustrated notes

Levels and vault maps discovered:
D:1:      erik_arrival_cave_to_civilisation [erik_arrival_cave_to_temple],
          layout_basic

Skill      XL: |  1  2 |
---------------+-------+-----
Maces & Flails | 2 |  2.3
Translocations | 3 |  3.1
Fighting       | |  2.6
Throwing       | |  1.0
Dodging        | |  2.1
Spellcasting   | |  2.4

Action                   || total
-------------------------++-------
Melee: Mace              ||    59
Armor: Robe              ||    36
Dodge: Dodged            ||    47
